Tigers vs Rampage

Created - Friday, November 07, 2014 at 23:41

Goals
1 2 3 OT1 SO T
Tigers 0 1 0 0 2 1
Rampage 0 1 0 0 3 2
Shots
1 2 3 OT1 SO T
Tigers 8 5 12 0 7 25
Rampage 3 11 5 2 7 21

1st period

No Goal

Penalties :
Nolan Yonkman (BRI) for Holding (Minor) at 7:49

2nd period

1. Rampage , Eric Boulton 5 (Matt Puempel, Keith Aulie) at 2:12 (PP)
2. Tigers , Harry Zolnierczyk 9 (Bracken Kearns) at 12:50

Penalties :
Brandon Bollig (BRI) for Unsportsmanlike conduct (Major / Game Misconduct) at 1:49, Will Weber (BRI) for Interference (Minor) at 16:03

3rd period

No Goal

Penalties :
No Penalty

Overtime #1

No Goal

Penalties :
No Penalty

Shootout

Penalty Shot by Alexander Khokhlachev for Tigers - Goal!
Penalty Shot by John Persson for Rampage - Shot Misses the Net
Penalty Shot by Ty Rattie for Tigers - Stopped by Matt Hackett
Penalty Shot by Matt D'Agostini for Rampage - Goal!
Penalty Shot by Jed Ortmeyer for Tigers - Stopped by Matt Hackett
Penalty Shot by Matt Puempel for Rampage - Stopped by Andrew Hammond
Penalty Shot by Bracken Kearns for Tigers - Goal!
Penalty Shot by Jesper Fast for Rampage - Goal!
Penalty Shot by A.J. Gale for Tigers - Stopped by Matt Hackett
Penalty Shot by Eric Boulton for Rampage - Shot Misses the Net
Penalty Shot by Harry Zolnierczyk for Tigers - Stopped by Matt Hackett
Penalty Shot by Johan Sundstrom for Rampage - Stopped by Andrew Hammond
Penalty Shot by Anthony Peluso for Tigers - Shot Misses the Net
Penalty Shot by Calle Jarnkrok for Rampage - Goal!

Penalties :
No Penalty

Goalie Stats

Andrew Hammond (BRI), 20 saves from 21 shots - (0.952), OTL, 1-1-2, 65:00 minutes
Matt Hackett (SAN), 24 saves from 25 shots - (0.960), W, 7-4-1, 65:00 minutes

Players Stats for Tigers

Player Name              G  A  P  +/- PIM S  H  SB GA TA FO     MP     PP MP  PK MP  
------------------------------------------------------------------------------------
A.J. Gale                0  0  0   0  0   2  4  1  1  0  0/0    13:44   0:00   1:09 
Adam Comrie              0  0  0   0  0   0  1  2  1  2  0/0    26:46   0:00   3:36 
Alexander Khokhlachev    0  0  0   0  0   2  0  1  2  3  7/14   21:15   0:00   4:17 
Anthony Peluso           0  0  0   0  0   1  0  0  4  1  1/3    16:52   0:00   4:13 
Austin Levi              0  0  0   0  0   0  1  0  1  2  0/0    17:23   0:00   1:52 
Ben Blood                0  0  0   0  0   0  0  0  0  0  0/0    14:35   0:00   0:00 
Bracken Kearns           0  1  1   1  0   5  2  1  4  1  3/6    20:44   0:00   4:24 
Brandon Bollig           0  0  0   0  15  0  0  0  0  0  0/0     7:24   0:00   0:55 
Brandon DeFazio          0  0  0   0  0   2  4  0  2  0  1/2    16:10   0:00   2:06 
Harry Zolnierczyk        1  0  1   1  0   3  0  0  4  0  1/1    13:39   0:00   0:00 
Jed Ortmeyer             0  0  0   0  0   3  1  1  1  1  1/1    16:02   0:00   0:50 
Kane Lafranchise         0  0  0   1  0   0  0  0  0  2  0/0    23:39   0:00   5:21 
Nolan Yonkman            0  0  0   0  2   0  2  2  0  0  0/0    25:21   0:00   2:45 
Patrick Kennedy          0  0  0   0  0   3  2  0  0  0  0/0    12:40   0:00   0:00 
Toby Petersen            0  0  0   0  0   0  3  0  4  0  1/2    15:11   0:00   0:00 
Ty Rattie                0  0  0   1  0   2  0  0  0  1  0/3    14:40   0:00   0:00 
Tyler Murovich           0  0  0   0  0   0  2  0  0  1  2/4    12:18   0:00   0:00 
Will Weber               0  0  0   1  2   2  0  2  0  1  0/0    22:37   0:00   4:20 

Players Stats for Rampage

Player Name              G  A  P  +/- PIM S  H  SB GA TA FO     MP     PP MP  PK MP  
------------------------------------------------------------------------------------
Adam Almquist            0  0  0   0  0   1  3  1  0  4  0/0    29:00   4:56   0:00 
Andrei Loktionov         0  0  0   0  0   1  0  0  1  0  3/5    13:15   0:00   0:00 
Calle Jarnkrok           0  0  0   0  0   0  2  0  3  1  5/8    15:34   0:00   0:00 
Charles-Olivier Roussel  0  0  0  -1  0   0  3  0  0  0  0/0    26:58   4:01   0:00 
Eric Boulton             1  0  1   0  0   2  2  0  1  1  0/0    20:10   4:15   0:00 
Farm Player21            0  0  0  -1  0   0  1  0  0  0  0/0    14:19   1:11   0:00 
Jesper Fast              0  0  0   0  0   3  2  0  2  0  0/0    19:57   3:56   0:00 
Johan Sundstrom          0  0  0   0  0   0  0  0  0  0  0/0     0:34   0:00   0:00 
John Persson             0  0  0   0  0   1  1  1  3  0  3/5    21:31   4:19   0:00 
Keith Aulie              0  1  1   0  0   4  0  2  2  3  0/0    25:51   4:56   0:00 
Martin Frk               0  0  0   0  0   0  5  1  1  1  0/0    18:59   4:19   0:00 
Matt D'Agostini          0  0  0   0  0   3  2  0  6  1  6/12   23:54   4:38   0:00 
Matt Puempel             0  1  1  -1  0   4  3  1  3  0  1/2    23:07   4:13   0:00 
Mikael Samuelsson        0  0  0  -1  0   2  0  0  1  0  1/4    15:43   0:00   0:00 
Nick Tuzzolino           0  0  0   0  0   0  2  1  0  2  0/0    19:11   0:00   0:00 
Ryan Potulny             0  0  0   0  0   0  1  0  0  0  0/0     3:23   0:00   0:00 
Tim Miller               0  0  0   0  0   0  0  0  0  0  0/0     3:09   0:00   0:00 
Will O'Neill             0  0  0  -1  0   0  2  1  0  2  0/0    25:25   4:01   0:00 

3 Stars

1 - Matt Hackett (SAN)
2 - Andrew Hammond (BRI)
3 - Eric Boulton (SAN)

Power Play

Tigers - 0 on 0 Attempt(s) - 0.00%
Rampage - 1 on 3 Attempt(s) - 33.33%

Penalty Kill

Tigers - 2 on 3 Attempt(s) - 66.67% - Score 0 goal in Penalty Kill
Rampage - 0 on 0 Attempt(s) - 0.00% - Score 0 goal in Penalty Kill

Official

Referees : Unknown
Linesman : Unknown

Game Notes

Brandon Bollig ejected from game at 1:49 of 2nd period

Finance

Level 1 -- Attendance: 1592 (79.60%) -- Ticket Income $55,720
Level 2 -- Attendance: 705 (70.50%) -- Ticket Income $10,575
Total Attendance: 2297 (76.57%)
Total Ticket Income: $66,295
Other Income: $32,485
Total Income: $98,780

Tigers

5 vs 5 Forward 
   Center                   Left Wing                Right Wing               Time % Phy DF OF 
 1 Alexander Khokhlachev    Brandon Bollig           Jed Ortmeyer             35     1   2  2  
 2 Bracken Kearns           Harry Zolnierczyk        Ty Rattie                30     1   2  2  
 3 Toby Petersen            Brandon DeFazio          Anthony Peluso           22     1   2  2  
 4 Tyler Murovich           A.J. Gale                Patrick Kennedy          13     1   2  2  

5 vs 5 Defense 
   Defense                  Defense                                           Time % Phy DF OF 
 1 Adam Comrie              Nolan Yonkman                                     35     1   2  2  
 2 Kane Lafranchise         Will Weber                                        30     1   2  2  
 3 Ben Blood                Austin Levi                                       22     1   2  2  
 4 Adam Comrie              Nolan Yonkman                                     13     1   2  2  

PowerPlay Forward 
   Center                   Left Wing                Right Wing               Time % Phy DF OF 
 1 Alexander Khokhlachev    Brandon Bollig           Jed Ortmeyer             60     1   2  2  
 2 Bracken Kearns           Harry Zolnierczyk        Ty Rattie                40     1   2  2  

PowerPlay Defense
   Defense                  Defense                                           Time % Phy DF OF 
 1 Adam Comrie              Nolan Yonkman                                     60     1   2  2  
 2 Kane Lafranchise         Will Weber                                        40     1   2  2  

Penalty Kill 4 Players Forward 
   Center                   Wing                     Time % Phy DF OF 
 1 Alexander Khokhlachev    Brandon Bollig           60     1   2  2  
 2 Jed Ortmeyer             Bracken Kearns           40     1   2  2  

Penalty Kill 4 Players Defense
   Defense                  Defense                  Time % Phy DF OF 
 1 Adam Comrie              Nolan Yonkman            60     1   2  2  
 2 Kane Lafranchise         Will Weber               40     1   2  2  

Penalty Kill - 3 Players Forward 
   Forward                                           Time % Phy DF OF 
 1 Alexander Khokhlachev                             60     1   2  2  
 2 Brandon Bollig                                    40     1   2  2  

Penalty Kill - 3 Players Defense
   Defense                  Defense                  Time % Phy DF OF 
 1 Adam Comrie              Nolan Yonkman            60     1   2  2  
 2 Kane Lafranchise         Will Weber               40     1   2  2  

4 vs 4 Forward 
   Center                   Wing                     Time % Phy DF OF 
 1 Alexander Khokhlachev    Brandon Bollig           60     1   2  2  
 2 Jed Ortmeyer             Bracken Kearns           40     1   2  2  

4 vs 4 Defense
   Defense                  Defense                  Time % Phy DF OF 
 1 Adam Comrie              Nolan Yonkman            60     1   2  2  
 2 Kane Lafranchise         Will Weber               40     1   2  2  

Last Minutes Offensive
   Center                   Left Wing                Right Wing               Defense                  Defense                  
   Alexander Khokhlachev    Brandon Bollig           Jed Ortmeyer             Adam Comrie              Nolan Yonkman            

Last Minutes Defensive
   Center                   Left Wing                Right Wing               Defense                  Defense                  
   Alexander Khokhlachev    Brandon Bollig           Jed Ortmeyer             Adam Comrie              Nolan Yonkman            

Goaltenders
Starting : Andrew Hammond           
Backup : Allen York               

Extra Forwards
Normal : Toby Petersen, Brandon DeFazio, Anthony Peluso - PP : Toby Petersen, Brandon DeFazio - PK : Anthony Peluso
Extra Defensemen
Normal : Ben Blood, Austin Levi, Kane Lafranchise - PP : Ben Blood - PK : Austin Levi, Kane Lafranchise
Penalty Shots
Alexander Khokhlachev, Brandon Bollig, Jed Ortmeyer, Bracken Kearns, Ty Rattie

Rampage

5 vs 5 Forward 
   Center                   Left Wing                Right Wing               Time % Phy DF OF 
 1 Andrei Loktionov         Matt Puempel             Matt D'Agostini          35     1   2  2  
 2 Calle Jarnkrok           Jesper Fast              Martin Frk               30     1   2  2  
 3 Matt D'Agostini          Eric Boulton             Jesper Fast              22     1   2  2  
 4 Mikael Samuelsson        John Persson             Matt Puempel             13     1   2  2  

5 vs 5 Defense 
   Defense                  Defense                                           Time % Phy DF OF 
 1 Keith Aulie              Adam Almquist                                     35     1   2  2  
 2 Charles-Olivier Roussel  Will O'Neill                                      30     1   2  2  
 3 Keith Aulie              Nick Tuzzolino                                    22     1   2  2  
 4 Charles-Olivier Roussel  Adam Almquist                                     13     1   2  2  

PowerPlay Forward 
   Center                   Left Wing                Right Wing               Time % Phy DF OF 
 1 Matt D'Agostini          Matt Puempel             Eric Boulton             60     1   2  2  
 2 John Persson             Jesper Fast              Martin Frk               40     1   2  2  

PowerPlay Defense
   Defense                  Defense                                           Time % Phy DF OF 
 1 Keith Aulie              Adam Almquist                                     60     1   2  2  
 2 Charles-Olivier Roussel  Will O'Neill                                      40     1   2  2  

Penalty Kill 4 Players Forward 
   Center                   Wing                     Time % Phy DF OF 
 1 Eric Boulton             Matt D'Agostini          60     1   2  2  
 2 Matt Puempel             Jesper Fast              40     1   2  2  

Penalty Kill 4 Players Defense
   Defense                  Defense                  Time % Phy DF OF 
 1 Keith Aulie              Adam Almquist            60     1   2  2  
 2 Charles-Olivier Roussel  Will O'Neill             40     1   2  2  

Penalty Kill - 3 Players Forward 
   Forward                                           Time % Phy DF OF 
 1 Jesper Fast                                       60     1   2  2  
 2 Matt Puempel                                      40     1   2  2  

Penalty Kill - 3 Players Defense
   Defense                  Defense                  Time % Phy DF OF 
 1 Keith Aulie              Adam Almquist            60     1   2  2  
 2 Charles-Olivier Roussel  Will O'Neill             40     1   2  2  

4 vs 4 Forward 
   Center                   Wing                     Time % Phy DF OF 
 1 Matt D'Agostini          Eric Boulton             60     1   2  2  
 2 Matt Puempel             Jesper Fast              40     1   2  2  

4 vs 4 Defense
   Defense                  Defense                  Time % Phy DF OF 
 1 Nick Tuzzolino           Adam Almquist            60     1   2  2  
 2 Charles-Olivier Roussel  Will O'Neill             40     1   2  2  

Last Minutes Offensive
   Center                   Left Wing                Right Wing               Defense                  Defense                  
   Andrei Loktionov         Matt Puempel             Matt D'Agostini          Keith Aulie              Adam Almquist            

Last Minutes Defensive
   Center                   Left Wing                Right Wing               Defense                  Defense                  
   Andrei Loktionov         Matt Puempel             Matt D'Agostini          Keith Aulie              Adam Almquist            

Goaltenders
Starting : Matt Hackett             
Backup : Mike Murphy              

Extra Forwards
Normal : Eric Boulton, John Persson, Matt Puempel - PP : Eric Boulton, John Persson - PK : Matt Puempel
Extra Defensemen
Normal : Charles-Olivier Roussel, Nick Tuzzolino, Adam Almquist - PP : Adam Almquist - PK : Nick Tuzzolino, Adam Almquist
Penalty Shots
John Persson, Matt D'Agostini, Matt Puempel, Jesper Fast, Eric Boulton

% Time on Ice - Tigers

Lines # - Real PCT - Wanted PCT - Time Play
Normal Forward
1 - 33% - 35% - 16:36
2 - 27% - 30% - 13:39
3 - 17% - 22% - 8:30
4 - 24% - 13% - 12:18
Normal Defense
1 - 33% - 35% - 17:04
2 - 32% - 30% - 16:10
3 - 29% - 22% - 14:35
4 - 6% - 13% - 3:14
PP Forward
1 - 0% - 60%
2 - 0% - 40%
PP Defense
1 - 0% - 60%
2 - 0% - 40%
PK Forward
1 - 91% - 60% - 8:07
2 - 9% - 40% - 0:50
PK Defense
1 - 40% - 60% - 3:36
2 - 60% - 40% - 5:21
PK3 Forward
1 - 0% - 60%
2 - 0% - 40%
PK3 Defense
1 - 0% - 60%
2 - 0% - 40%
44 Forward
1 - 100% - 60% - 5:00
2 - 0% - 40% - 0:00
44 Defense
1 - 57% - 60% - 2:52
2 - 43% - 40% - 2:08
Last Minute Offensive  - 0:00
Last Minute Defensive  - 0:00
Total
Forward - 65:00
Defense - 65:00

% Time on Ice - Rampage

Lines # - Real PCT - Wanted PCT - Time Play
Normal Forward
1 - 30% - 35% - 15:29
2 - 31% - 30% - 15:45
3 - 13% - 22% - 6:44
4 - 26% - 13% - 13:05
Normal Defense
1 - 31% - 35% - 15:45
2 - 32% - 30% - 16:15
3 - 27% - 22% - 13:35
4 - 11% - 13% - 5:28
PP Forward
1 - 52% - 60% - 4:38
2 - 48% - 40% - 4:19
PP Defense
1 - 55% - 60% - 4:56
2 - 45% - 40% - 4:01
PK Forward
1 - 0% - 60%
2 - 0% - 40%
PK Defense
1 - 0% - 60%
2 - 0% - 40%
PK3 Forward
1 - 0% - 60%
2 - 0% - 40%
PK3 Defense
1 - 0% - 60%
2 - 0% - 40%
44 Forward
1 - 100% - 60% - 5:00
2 - 0% - 40% - 0:00
44 Defense
1 - 57% - 60% - 2:50
2 - 43% - 40% - 2:10
Last Minute Offensive  - 0:00
Last Minute Defensive  - 0:00
Total
Forward - 65:00
Defense - 65:00

Play by Play

1st period


0:01 of 1st period - Alexander Khokhlachev wins face-off versus Andrei Loktionov in neutral zone.
0:12 of 1st period - Jed Ortmeyer is hit by Matt D'Agostini and loses puck.
0:23 of 1st period - Snap shot by Matt D'Agostini.
0:23 of 1st period - Shot Misses the Net.
1:02 of 1st period - Snap shot by Calle Jarnkrok.
1:02 of 1st period - Shot Misses the Net.
1:27 of 1st period - Icing by Bracken Kearns.
1:28 of 1st period - Mikael Samuelsson wins face-off versus Bracken Kearns in Tigers zone.
1:44 of 1st period - Off-side.
1:45 of 1st period - Brandon DeFazio wins face-off versus Matt D'Agostini in neutral zone.
1:48 of 1st period - Keith Aulie is hit by Brandon DeFazio and loses puck.
2:49 of 1st period - Icing by Patrick Kennedy.
2:50 of 1st period - Tyler Murovich wins face-off versus Calle Jarnkrok in Tigers zone.
2:50 of 1st period - Tyler Murovich is hit by Martin Frk.
3:25 of 1st period - A.J. Gale is hit by Matt Puempel.
3:31 of 1st period - Patrick Kennedy is hit by Matt Puempel and loses puck.
3:42 of 1st period - Snap shot by Matt Puempel.
3:42 of 1st period - Stopped by Andrew Hammond without a rebound.
3:43 of 1st period - Alexander Khokhlachev wins face-off versus Mikael Samuelsson in Tigers zone.
3:56 of 1st period - Slapshot by Keith Aulie.
3:56 of 1st period - Shot Blocked by Adam Comrie.
4:32 of 1st period - Slapshot by Harry Zolnierczyk.
4:32 of 1st period - Stopped by Matt Hackett with a rebound.
4:34 of 1st period - Snap shot by Harry Zolnierczyk.
4:34 of 1st period - Shot Misses the Net.
4:49 of 1st period - Snap shot by Ty Rattie.
4:49 of 1st period - Stopped by Matt Hackett with a rebound.
4:51 of 1st period - Snap shot by Bracken Kearns.
4:51 of 1st period - Shot Blocked by Keith Aulie.
4:53 of 1st period - Wrist shot by Harry Zolnierczyk.
4:53 of 1st period - Deflect By Bracken Kearns.
4:53 of 1st period - Shot Blocked by Keith Aulie.
4:53 of 1st period - Puck is out of play.
4:54 of 1st period - Calle Jarnkrok wins face-off versus Toby Petersen in Rampage zone.
5:07 of 1st period - Snap shot by Calle Jarnkrok.
5:07 of 1st period - Shot Misses the Net.
5:45 of 1st period - Slapshot by Harry Zolnierczyk.
5:45 of 1st period - Stopped by Matt Hackett with a rebound.
5:47 of 1st period - Wrist shot by Bracken Kearns.
5:47 of 1st period - Stopped by Matt Hackett with a rebound.
5:49 of 1st period - Slapshot by Austin Levi.
5:49 of 1st period - Deflect By Bracken Kearns.
5:49 of 1st period - Shot Misses the Net.
5:49 of 1st period - Puck is out of play.
5:50 of 1st period - Bracken Kearns wins face-off versus Andrei Loktionov in Rampage zone.
6:43 of 1st period - Keith Aulie is hit by Jed Ortmeyer and loses puck.
7:18 of 1st period - Wrist shot by Matt Puempel.
7:18 of 1st period - Shot Blocked by Nolan Yonkman.
7:49 of 1st period - Minor Penalty to Nolan Yonkman for Holding.
7:50 of 1st period - Alexander Khokhlachev wins face-off versus John Persson in Tigers zone.
8:57 of 1st period - Off-side.
8:58 of 1st period - Jed Ortmeyer wins face-off versus Matt D'Agostini in neutral zone.
9:08 of 1st period - Austin Levi is hit by Adam Almquist and loses puck.
9:18 of 1st period - Off-side.
9:19 of 1st period - John Persson wins face-off versus Alexander Khokhlachev in neutral zone.
9:49 of 1st period - Penalty to Nolan Yonkman is over, Nolan Yonkman is back on ice.
10:19 of 1st period - Charles-Olivier Roussel is hit by A.J. Gale and loses puck.
10:35 of 1st period - John Persson is hit by Tyler Murovich and loses puck.
11:15 of 1st period - Wrist shot by Bracken Kearns.
11:15 of 1st period - Stopped by Matt Hackett with a rebound.
11:17 of 1st period - Slapshot by Will Weber.
11:17 of 1st period - Stopped by Matt Hackett with a rebound.
11:51 of 1st period - Slapshot by Calle Jarnkrok.
11:51 of 1st period - Shot Blocked by Nolan Yonkman.
11:53 of 1st period - Snap shot by Martin Frk.
11:53 of 1st period - Shot Misses the Net.
12:23 of 1st period - Wrist shot by Patrick Kennedy.
12:23 of 1st period - Stopped by Matt Hackett with a rebound.
12:32 of 1st period - Off-side.
12:33 of 1st period - Calle Jarnkrok wins face-off versus Ty Rattie in neutral zone.
12:40 of 1st period - Slapshot by Jesper Fast.
12:40 of 1st period - Stopped by Andrew Hammond without a rebound.
12:41 of 1st period - Calle Jarnkrok wins face-off versus Ty Rattie in Tigers zone.
13:32 of 1st period - Snap shot by Alexander Khokhlachev.
13:32 of 1st period - Shot Misses the Net.
13:50 of 1st period - Matt Puempel is hit by Tyler Murovich and loses puck.
14:23 of 1st period - Icing by Will O'Neill.
14:24 of 1st period - Calle Jarnkrok wins face-off versus Anthony Peluso in Rampage zone.
14:24 of 1st period - Calle Jarnkrok is hit by Toby Petersen.
14:30 of 1st period - Snap shot by Adam Almquist.
14:30 of 1st period - Shot Misses the Net.
14:58 of 1st period - Snap shot by Anthony Peluso.
14:58 of 1st period - Stopped by Matt Hackett with a rebound.
16:03 of 1st period - Slapshot by Mikael Samuelsson.
16:03 of 1st period - Shot Misses the Net.
16:05 of 1st period - Snap shot by Eric Boulton.
16:05 of 1st period - Shot Misses the Net.
16:07 of 1st period - Slapshot by Keith Aulie.
16:07 of 1st period - Stopped by Andrew Hammond with a rebound.
16:32 of 1st period - Off-side.
16:33 of 1st period - Andrei Loktionov wins face-off versus Alexander Khokhlachev in neutral zone.
18:18 of 1st period - Adam Almquist is hit by A.J. Gale and loses puck.
18:25 of 1st period - Austin Levi is hit by Jesper Fast.
18:42 of 1st period - Will O'Neill is hit by Austin Levi and loses puck.
19:03 of 1st period - Icing by Matt D'Agostini.
19:04 of 1st period - Toby Petersen wins face-off versus Mikael Samuelsson in Rampage zone.
19:05 of 1st period - Snap shot by Anthony Peluso.
19:05 of 1st period - Shot Hit the Post.
19:47 of 1st period - Eric Boulton is hit by Nolan Yonkman and loses puck.
Goals for this period are 0 for Tigers vs 0 for Rampage.
Shots for this period are 8 for Tigers vs 3 for Rampage.

2nd period


0:01 of 2nd period - Alexander Khokhlachev wins face-off versus Matt D'Agostini in neutral zone.
0:06 of 2nd period - Wrist shot by Matt D'Agostini.
0:06 of 2nd period - Shot Misses the Net.
0:12 of 2nd period - Wrist shot by Matt D'Agostini.
0:12 of 2nd period - Stopped by Andrew Hammond with a rebound.
0:30 of 2nd period - Slapshot by Matt D'Agostini.
0:30 of 2nd period - Shot Blocked by Alexander Khokhlachev.
0:34 of 2nd period - Slapshot by Jesper Fast.
0:34 of 2nd period - Shot Misses the Net.
0:36 of 2nd period - Wrist shot by Adam Almquist.
0:36 of 2nd period - Shot Blocked by Jed Ortmeyer.
1:49 of 2nd period - Major / Game Misconduct Penalty to Brandon Bollig for Unsportsmanlike conduct.
1:49 of 2nd period - Brandon Bollig is ejected from game.
1:50 of 2nd period - Matt D'Agostini wins face-off versus Anthony Peluso in Tigers zone.
2:04 of 2nd period - Wrist shot by Matt Puempel.
2:04 of 2nd period - Stopped by Andrew Hammond with a rebound.
2:06 of 2nd period - Snap shot by Keith Aulie.
2:06 of 2nd period - Stopped by Andrew Hammond with a rebound.
2:10 of 2nd period - Wrist shot by Matt Puempel.
2:10 of 2nd period - Stopped by Andrew Hammond with a rebound.
2:12 of 2nd period - Snap shot by Eric Boulton.
2:12 of 2nd period - Goal by Eric Boulton - Tigers : 0 - Rampage : 1.
2:13 of 2nd period - Matt D'Agostini wins face-off versus Alexander Khokhlachev in neutral zone.
2:58 of 2nd period - Snap shot by Bracken Kearns.
2:58 of 2nd period - Stopped by Matt Hackett with a rebound.
3:04 of 2nd period - Jesper Fast is hit by Bracken Kearns and loses puck.
3:11 of 2nd period - Martin Frk is hit by Brandon DeFazio and loses puck.
3:22 of 2nd period - Will Weber is hit by Charles-Olivier Roussel and loses puck.
3:41 of 2nd period - Slapshot by Eric Boulton.
3:41 of 2nd period - Shot Blocked by Bracken Kearns.
3:43 of 2nd period - Wrist shot by Matt D'Agostini.
3:43 of 2nd period - Stopped by Andrew Hammond without a rebound.
3:44 of 2nd period - Anthony Peluso wins face-off versus Matt D'Agostini in Tigers zone.
4:05 of 2nd period - Snap shot by Jesper Fast.
4:05 of 2nd period - Stopped by Andrew Hammond without a rebound.
4:06 of 2nd period - Alexander Khokhlachev wins face-off versus John Persson in Tigers zone.
4:15 of 2nd period - Wrist shot by Jesper Fast.
4:15 of 2nd period - Shot Misses the Net.
4:57 of 2nd period - Nolan Yonkman is hit by Charles-Olivier Roussel and loses puck.
5:02 of 2nd period - Slapshot by Keith Aulie.
5:02 of 2nd period - Stopped by Andrew Hammond with a rebound.
5:04 of 2nd period - Slapshot by Keith Aulie.
5:04 of 2nd period - Shot Misses the Net.
5:29 of 2nd period - Keith Aulie is hit by Nolan Yonkman and loses puck.
6:09 of 2nd period - Alexander Khokhlachev is hit by Martin Frk and loses puck.
6:26 of 2nd period - Jed Ortmeyer is hit by Adam Almquist and loses puck.
6:31 of 2nd period - Snap shot by Matt D'Agostini.
6:31 of 2nd period - Shot Blocked by Will Weber.
6:33 of 2nd period - Slapshot by Charles-Olivier Roussel.
6:33 of 2nd period - Shot Blocked by A.J. Gale.
6:49 of 2nd period - Penalty to Brandon Bollig is over, Ty Rattie is send on ice.
8:21 of 2nd period - Alexander Khokhlachev is hit by Martin Frk and loses puck.
8:38 of 2nd period - John Persson is hit by Patrick Kennedy and loses puck.
9:11 of 2nd period - Keith Aulie is hit by Brandon DeFazio.
9:35 of 2nd period - Snap shot by Ty Rattie.
9:35 of 2nd period - Stopped by Matt Hackett with a rebound.
10:55 of 2nd period - Icing by Jesper Fast.
10:56 of 2nd period - Calle Jarnkrok wins face-off versus Brandon DeFazio in Rampage zone.
10:56 of 2nd period - Calle Jarnkrok is hit by Brandon DeFazio.
11:22 of 2nd period - Nolan Yonkman is hit by Matt Puempel and loses puck.
12:14 of 2nd period - Patrick Kennedy is hit by Martin Frk and loses puck.
12:48 of 2nd period - Snap shot by Bracken Kearns.
12:48 of 2nd period - Stopped by Matt Hackett with a rebound.
12:50 of 2nd period - Snap shot by Harry Zolnierczyk.
12:50 of 2nd period - Goal by Harry Zolnierczyk - Tigers : 1 - Rampage : 1.
12:51 of 2nd period - Tyler Murovich wins face-off versus Matt D'Agostini in neutral zone.
14:02 of 2nd period - Snap shot by Matt Puempel.
14:02 of 2nd period - Shot Hit the Post.
14:08 of 2nd period - Slapshot by Matt D'Agostini.
14:08 of 2nd period - Shot Misses the Net.
14:34 of 2nd period - Tyler Murovich is hit by Farm Player21 and loses puck.
15:11 of 2nd period - Slapshot by Mikael Samuelsson.
15:11 of 2nd period - Stopped by Andrew Hammond without a rebound.
15:12 of 2nd period - Harry Zolnierczyk wins face-off versus Mikael Samuelsson in Tigers zone.
15:19 of 2nd period - Harry Zolnierczyk is hit by Nick Tuzzolino and loses puck.
15:49 of 2nd period - Snap shot by Toby Petersen.
15:49 of 2nd period - Shot Misses the Net.
16:03 of 2nd period - Minor Penalty to Will Weber for Interference.
16:04 of 2nd period - John Persson wins face-off versus Alexander Khokhlachev in Tigers zone.
16:19 of 2nd period - Snap shot by Martin Frk.
16:19 of 2nd period - Shot Misses the Net.
16:57 of 2nd period - Off-side.
16:58 of 2nd period - John Persson wins face-off versus Alexander Khokhlachev in neutral zone.
17:07 of 2nd period - Snap shot by Martin Frk.
17:07 of 2nd period - Shot Misses the Net.
17:09 of 2nd period - Snap shot by Martin Frk.
17:09 of 2nd period - Shot Misses the Net.
17:11 of 2nd period - Slapshot by Will O'Neill.
17:11 of 2nd period - Shot Misses the Net.
17:26 of 2nd period - Icing by Charles-Olivier Roussel.
17:27 of 2nd period - Alexander Khokhlachev wins face-off versus Matt D'Agostini in Rampage zone.
17:36 of 2nd period - Wrist shot by Alexander Khokhlachev.
17:36 of 2nd period - Stopped by Matt Hackett with a rebound.
18:03 of 2nd period - Penalty to Will Weber is over, Will Weber is back on ice.
18:22 of 2nd period - Wrist shot by Keith Aulie.
18:22 of 2nd period - Stopped by Andrew Hammond with a rebound.
18:42 of 2nd period - Adam Comrie is hit by Will O'Neill and loses puck.
18:55 of 2nd period - Keith Aulie is hit by Patrick Kennedy and loses puck.
19:55 of 2nd period - Slapshot by Adam Almquist.
19:55 of 2nd period - Shot Misses the Net.
19:57 of 2nd period - Slapshot by Nick Tuzzolino.
19:57 of 2nd period - Shot Blocked by Will Weber.
19:59 of 2nd period - Wrist shot by Matt D'Agostini.
19:59 of 2nd period - Stopped by Andrew Hammond with a rebound.
Goals for this period are 1 for Tigers vs 1 for Rampage.
Shots for this period are 5 for Tigers vs 11 for Rampage.

3rd period


0:01 of 3rd period - Andrei Loktionov wins face-off versus Ty Rattie in neutral zone.
0:52 of 3rd period - Alexander Khokhlachev is hit by Calle Jarnkrok and loses puck.
1:13 of 3rd period - Wrist shot by Jed Ortmeyer.
1:13 of 3rd period - Stopped by Matt Hackett with a rebound.
1:41 of 3rd period - Backhand shot by Mikael Samuelsson.
1:41 of 3rd period - Stopped by Andrew Hammond without a rebound.
1:42 of 3rd period - Matt Puempel wins face-off versus Tyler Murovich in Tigers zone.
1:57 of 3rd period - Wrist shot by John Persson.
1:57 of 3rd period - Deflect By Matt Puempel.
1:57 of 3rd period - Stopped by Andrew Hammond without a rebound.
1:58 of 3rd period - Matt D'Agostini wins face-off versus Bracken Kearns in Tigers zone.
2:01 of 3rd period - Wrist shot by Jesper Fast.
2:01 of 3rd period - Stopped by Andrew Hammond with a rebound.
2:07 of 3rd period - Slapshot by Bracken Kearns.
2:07 of 3rd period - Stopped by Matt Hackett without a rebound.
2:08 of 3rd period - Matt D'Agostini wins face-off versus Bracken Kearns in Rampage zone.
2:17 of 3rd period - Kane Lafranchise is hit by Jesper Fast and loses puck.
3:20 of 3rd period - Slapshot by Brandon DeFazio.
3:20 of 3rd period - Shot Misses the Net.
3:22 of 3rd period - Slapshot by Nolan Yonkman.
3:22 of 3rd period - Shot Blocked by Adam Almquist.
3:24 of 3rd period - Wrist shot by Brandon DeFazio.
3:24 of 3rd period - Shot Misses the Net.
3:53 of 3rd period - Keith Aulie is hit by Adam Comrie and loses puck.
4:50 of 3rd period - Jesper Fast is hit by Toby Petersen and loses puck.
5:07 of 3rd period - Will Weber is hit by Matt D'Agostini and loses puck.
5:37 of 3rd period - Anthony Peluso is hit by Eric Boulton and loses puck.
5:56 of 3rd period - Charles-Olivier Roussel is hit by Toby Petersen and loses puck.
6:11 of 3rd period - Snap shot by Jed Ortmeyer.
6:11 of 3rd period - Stopped by Matt Hackett with a rebound.
6:13 of 3rd period - Wrist shot by Brandon DeFazio.
6:13 of 3rd period - Stopped by Matt Hackett with a rebound.
6:15 of 3rd period - Slapshot by Alexander Khokhlachev.
6:15 of 3rd period - Stopped by Matt Hackett with a rebound.
6:17 of 3rd period - Wrist shot by Jed Ortmeyer.
6:17 of 3rd period - Shot Misses the Net.
6:19 of 3rd period - Wrist shot by Brandon DeFazio.
6:19 of 3rd period - Stopped by Matt Hackett with a rebound.
8:54 of 3rd period - Nolan Yonkman is hit by Calle Jarnkrok and loses puck.
10:04 of 3rd period - Wrist shot by Tyler Murovich.
10:04 of 3rd period - Shot Blocked by John Persson.
10:06 of 3rd period - Snap shot by A.J. Gale.
10:06 of 3rd period - Shot Blocked by Nick Tuzzolino.
10:28 of 3rd period - Wrist shot by Jed Ortmeyer.
10:28 of 3rd period - Stopped by Matt Hackett with a rebound.
10:42 of 3rd period - Wrist shot by Toby Petersen.
10:42 of 3rd period - Shot Blocked by Matt Puempel.
11:02 of 3rd period - Wrist shot by Patrick Kennedy.
11:02 of 3rd period - Stopped by Matt Hackett with a rebound.
11:04 of 3rd period - Wrist shot by Tyler Murovich.
11:04 of 3rd period - Shot Misses the Net.
11:06 of 3rd period - Backhand shot by Patrick Kennedy.
11:06 of 3rd period - Stopped by Matt Hackett with a rebound.
11:08 of 3rd period - Snap shot by A.J. Gale.
11:08 of 3rd period - Stopped by Matt Hackett with a rebound.
11:10 of 3rd period - Snap shot by Will Weber.
11:10 of 3rd period - Stopped by Matt Hackett with a rebound.
11:12 of 3rd period - Snap shot by Patrick Kennedy.
11:12 of 3rd period - Deflect By A.J. Gale.
11:12 of 3rd period - Stopped by Matt Hackett with a rebound.
11:56 of 3rd period - Snap shot by Jed Ortmeyer.
11:56 of 3rd period - Shot Blocked by Will O'Neill.
12:08 of 3rd period - Charles-Olivier Roussel is hit by A.J. Gale and loses puck.
13:00 of 3rd period - Slapshot by Alexander Khokhlachev.
13:00 of 3rd period - Shot Misses the Net.
13:02 of 3rd period - Slapshot by Ben Blood.
13:02 of 3rd period - Shot Blocked by Martin Frk.
13:04 of 3rd period - Slapshot by Alexander Khokhlachev.
13:04 of 3rd period - Shot Misses the Net.
13:34 of 3rd period - Wrist shot by Andrei Loktionov.
13:34 of 3rd period - Stopped by Andrew Hammond without a rebound.
13:35 of 3rd period - Andrei Loktionov wins face-off versus Tyler Murovich in Tigers zone.
13:44 of 3rd period - Ryan Potulny is hit by A.J. Gale and loses puck.
14:13 of 3rd period - Snap shot by Adam Almquist.
14:13 of 3rd period - Stopped by Andrew Hammond without a rebound.
14:14 of 3rd period - Bracken Kearns wins face-off versus Calle Jarnkrok in Tigers zone.
15:25 of 3rd period - Toby Petersen is hit by Eric Boulton and loses puck.
15:50 of 3rd period - Icing by Charles-Olivier Roussel.
15:51 of 3rd period - Bracken Kearns wins face-off versus Calle Jarnkrok in Rampage zone.
16:31 of 3rd period - Alexander Khokhlachev is hit by Nick Tuzzolino.
17:05 of 3rd period - Austin Levi is hit by John Persson.
17:44 of 3rd period - Toby Petersen is hit by Ryan Potulny.
17:48 of 3rd period - Kane Lafranchise is hit by Martin Frk and loses puck.
19:32 of 3rd period - Alexander Khokhlachev is hit by Charles-Olivier Roussel and loses puck.
Goals for this period are 0 for Tigers vs 0 for Rampage.
Shots for this period are 12 for Tigers vs 5 for Rampage.

Overtime #1


0:01 of 1st overtime period - Matt D'Agostini wins face-off versus Alexander Khokhlachev in neutral zone.
0:14 of 1st overtime period - Wrist shot by Eric Boulton.
0:14 of 1st overtime period - Stopped by Andrew Hammond with a rebound.
1:03 of 1st overtime period - Snap shot by Eric Boulton.
1:03 of 1st overtime period - Shot Misses the Net.
1:05 of 1st overtime period - Snap shot by Will O'Neill.
1:05 of 1st overtime period - Shot Misses the Net.
1:29 of 1st overtime period - Slapshot by Matt D'Agostini.
1:29 of 1st overtime period - Shot Misses the Net.
2:16 of 1st overtime period - Will Weber is hit by Will O'Neill and loses puck.
3:12 of 1st overtime period - Alexander Khokhlachev is hit by Adam Almquist and loses puck.
3:22 of 1st overtime period - Off-side.
3:23 of 1st overtime period - Matt D'Agostini wins face-off versus Alexander Khokhlachev in neutral zone.
3:32 of 1st overtime period - Matt D'Agostini is hit by Bracken Kearns.
4:14 of 1st overtime period - Slapshot by John Persson.
4:14 of 1st overtime period - Stopped by Andrew Hammond with a rebound.
4:47 of 1st overtime period - Slapshot by Adam Almquist.
4:47 of 1st overtime period - Shot Misses the Net.
4:49 of 1st overtime period - Slapshot by Adam Almquist.
4:49 of 1st overtime period - Deflect By Tim Miller.
4:49 of 1st overtime period - Shot Blocked by Adam Comrie.
4:49 of 1st overtime period - Puck is out of play.
4:50 of 1st overtime period - Alexander Khokhlachev wins face-off versus Matt Puempel in Tigers zone.
Goals for this period are 0 for Tigers vs 0 for Rampage.
Shots for this period are 0 for Tigers vs 2 for Rampage.

ShootOut


5:00 of 1st overtime period - Penalty Shot by Alexander Khokhlachev for Tigers.
5:00 of 1st overtime period - Deke by Alexander Khokhlachev.
5:00 of 1st overtime period - Goal by Alexander Khokhlachev.
5:00 of 1st overtime period - Penalty Shot by John Persson for Rampage.
5:00 of 1st overtime period - Backhand shot by John Persson.
5:00 of 1st overtime period - Shot Misses the Net.
5:00 of 1st overtime period - Penalty Shot by Ty Rattie for Tigers.
5:00 of 1st overtime period - Wrist shot by Ty Rattie.
5:00 of 1st overtime period - Stopped by Matt Hackett.
5:00 of 1st overtime period - Penalty Shot by Matt D'Agostini for Rampage.
5:00 of 1st overtime period - Snap shot by Matt D'Agostini.
5:00 of 1st overtime period - Goal by Matt D'Agostini.
5:00 of 1st overtime period - Penalty Shot by Jed Ortmeyer for Tigers.
5:00 of 1st overtime period - Backhand shot by Jed Ortmeyer.
5:00 of 1st overtime period - Stopped by Matt Hackett.
5:00 of 1st overtime period - Penalty Shot by Matt Puempel for Rampage.
5:00 of 1st overtime period - Snap shot by Matt Puempel.
5:00 of 1st overtime period - Stopped by Andrew Hammond.
5:00 of 1st overtime period - Penalty Shot by Bracken Kearns for Tigers.
5:00 of 1st overtime period - Wrist shot by Bracken Kearns.
5:00 of 1st overtime period - Goal by Bracken Kearns.
5:00 of 1st overtime period - Penalty Shot by Jesper Fast for Rampage.
5:00 of 1st overtime period - Snap shot by Jesper Fast.
5:00 of 1st overtime period - Goal by Jesper Fast.
5:00 of 1st overtime period - Penalty Shot by A.J. Gale for Tigers.
5:00 of 1st overtime period - Deke by A.J. Gale.
5:00 of 1st overtime period - Stopped by Matt Hackett.
5:00 of 1st overtime period - Penalty Shot by Eric Boulton for Rampage.
5:00 of 1st overtime period - Deke by Eric Boulton.
5:00 of 1st overtime period - Shot Misses the Net.
5:00 of 1st overtime period - Penalty Shot by Harry Zolnierczyk for Tigers.
5:00 of 1st overtime period - Deke by Harry Zolnierczyk.
5:00 of 1st overtime period - Stopped by Matt Hackett.
5:00 of 1st overtime period - Penalty Shot by Johan Sundstrom for Rampage.
5:00 of 1st overtime period - Deke by Johan Sundstrom.
5:00 of 1st overtime period - Stopped by Andrew Hammond.
5:00 of 1st overtime period - Penalty Shot by Anthony Peluso for Tigers.
5:00 of 1st overtime period - Snap shot by Anthony Peluso.
5:00 of 1st overtime period - Shot Misses the Net.
5:00 of 1st overtime period - Penalty Shot by Calle Jarnkrok for Rampage.
5:00 of 1st overtime period - Backhand shot by Calle Jarnkrok.
5:00 of 1st overtime period - Goal by Calle Jarnkrok.


Output by the SimonT Hockey Simulator (STHS) for Eric Dolegowski -- Original Page W3C XHTML 1.0 Valid
Hockey Simulator - Hockey Simulation - Hockey Manager